 Dungeon Crawl Stone Soup version 0.24.0-1-gfbc8707 (webtiles) character file.

Game seed: 15757629375544692673, levelgen mode: deterministic

1457 Illumine the Purveyor of Pain (level 8, -9/58 HPs)
             Began as a Gnoll Necromancer on Oct 30, 2019.
             Was an Initiate of Kikubaaqudgha.
             Mangled by an orc warrior
             ... wielding a +0 dire flail
              (18 damage)
             ... on level 8 of the Dungeon on Oct 31, 2019.
             The game lasted 00:14:00 (6686 turns).

Illumine the Purveyor of Pain (Gnoll Necromancer)   Turns: 6686, Time: 00:14:01

Health: -9/58      AC:  9    Str: 11    XL:     8   Next: 76%
Magic:  1/26       EV: 15    Int: 20    God:    Kikubaaqudgha [......]
Gold:   359        SH:  0    Dex: 15    Spells: 7/19 levels left

rFire    . . .     SeeInvis .   a - +1 flail (protect)
rCold    + . .     Gourm    .   (no shield)
rNeg     . . .     Faith    .   y - +0 robe
rPois    .         Spirit   .   (no helmet)
rElec    .         Reflect  .   (no cloak)
rCorr    .         Harm     .   (no gloves)
MR       .....                  (no boots)
Stlth    +++.......             (no amulet)
HPRegen  0.19/turn              j - ring of magical power
MPRegen  0.20/turn              G - ring of protection from cold

@: protection aura
A: distributed training, fangs 1, strong nose
a: Renounce Religion


You were on level 8 of the Dungeon.
You worshipped Kikubaaqudgha.
Kikubaaqudgha was noncommittal.
You were not hungry.

You visited 2 branches of the dungeon, and saw 9 of its levels.

You collected 359 gold pieces.

Inventory:

Hand Weapons
 a - a +1 flail of protection (weapon)
 q - a +0 short sword
Missiles
 h - 3 boomerangs (quivered)
 k - 33 poisoned darts
 w - 4 silver boomerangs
Armour
 s - +0 ice dragon scales
 y - a +0 robe (worn)
 z - the +8 orange crystal plate armour {Archmagi, Int+3 Clar}
   (You found it on level 4 of the Dungeon)

   It affects your intelligence (+3).
   It protects you against confusion.
Magical Staves
 b - an uncursed staff of wizardry
Jewellery
 j - a ring of magical power (left hand)
 m - an uncursed ring of flight
 G - a ring of protection from cold (right hand)
Wands
 D - a wand of disintegration (13)
 E - a wand of flame (12)
Scrolls
 e - 3 scrolls of amnesia
 f - a scroll of fog {unknown}
 i - 3 scrolls of enchant armour {unknown}
 l - 3 scrolls of teleportation
 n - a scroll of blinking {unknown}
 r - 2 scrolls of enchant weapon {unknown}
 t - a scroll of immolation {unknown}
 v - 5 scrolls of remove curse
 F - a scroll of vulnerability {unknown}
Potions
 d - a potion of flight
 g - a potion of resistance
 o - a potion of curing
 p - a potion of might {unknown}
 u - 2 potions of invisibility
 x - a potion of degeneration {unknown}
 A - a potion of berserk rage
 B - a potion of magic {unknown}
 C - a potion of ambrosia {unknown}
 H - a potion of heal wounds {unknown}
 I - a potion of lignification
 J - a potion of haste {unknown}
Comestibles
 c - 13 rations
 K - 2 chunks of flesh


   Skills:
 + Level 3.5 Fighting
 + Level 3.5 Short Blades
 + Level 3.5 Long Blades
 + Level 3.5 Axes
 + Level 3.5 Maces & Flails
 + Level 3.5 Polearms
 + Level 3.5 Staves
 + Level 3.5 Slings
 + Level 3.5 Bows
 + Level 3.5 Crossbows
 + Level 3.5 Throwing
 + Level 3.5 Armour
 + Level 5.8 Dodging
 + Level 5.5 Stealth
 + Level 3.5 Shields
 + Level 3.5 Unarmed Combat
 + Level 6.1 Spellcasting
 + Level 2.8 Conjurations
 + Level 2.8 Hexes
 + Level 2.8 Charms
 + Level 2.8 Summonings
 + Level 7.7 Necromancy
 + Level 2.8 Translocations
 + Level 2.8 Transmutations
 + Level 2.8 Fire Magic
 + Level 2.8 Ice Magic
 + Level 2.8 Air Magic
 + Level 2.8 Earth Magic
 + Level 2.8 Poison Magic
 + Level 3.8 Invocations
 + Level 3.5 Evocations


You had 7 spell levels left.
You knew the following spells:

 Your Spells              Type           Power        Failure   Level  Hunger
a - Pain                  Necr           ####         1%          1    None
b - Animate Skeleton      Necr           N/A          1%          1    None
c - Vampiric Draining     Necr           #####.....   1%          3    ##.....
d - Animate Dead          Necr           N/A          4%          4    ####...
e - Regeneration          Chrm/Necr      ####......   3%          3    ##.....

Your spell library contained the following spells:

 Spells                   Type           Power        Failure   Level  Hunger


Dungeon Overview and Level Annotations

Branches:
Dungeon (8/15)             Temple (1/1) D:7
   Lair: D:8-11

Altars:
Ashenzari
Cheibriados
Dithmenos
Elyvilon
Fedhas
Gozag
Hepliaklqana
Kikubaaqudgha
Makhleb
Nemelex Xobeh
Okawaru
Qazlal
Ru
Sif Muna
Trog
Vehumet
Wu Jian
Zin
The Shining One

Shops:
D:4 !


Innate Abilities, Weirdness & Mutations

Your experience applies equally to all skills.
You have very sharp teeth.
Your uncanny sense of smell can sniff out nearby items.


Message History

Your +1 flail of protection hums with potential!
a - a +1 flail of protection (weapon)
Your orc skeleton hits the orc warrior with a +0 club.
Your orc priest zombie hits the orc warrior with a +2 flail of protection.
You hit the orc warrior but do no damage.
Your weapon exudes an aura of protection.
The orc warrior is severely wounded.
The orc warrior hits you with a +0 dire flail.
* * * LOW HITPOINT WARNING * * *
Unknown command.
You hit the orc warrior.
The orc warrior is severely wounded.
Your orc skeleton hits the orc warrior but does no damage.
Your orc priest zombie hits the orc warrior but does no damage.
The orc warrior hits your orc priest zombie with a +0 dire flail!
You barely miss the orc warrior.
The orc warrior is severely wounded.
The orc warrior hits you with a +0 dire flail!!
You die...
Kikubaaqudgha rasps: "You have failed me!
Welcome... death!"

##### ∆∆ #...# ∆ #...# ∆∆
#...####### # ∆ #...#.....# o†
#.o.#.....#######
###.#######.o@#.....#.....####
.......).)))ZZ')....'.....'...
##.....###)Z)#.....#.....##..
#####+# #####.....#.....###. ∆
∆ #.....#.....# #.
#.....#.....# #. #############
#. ## #


You could see an orc warrior, an orc, a friendly orc zombie, a friendly orc
priest zombie and a friendly orc skeleton.

Vanquished Creatures
  A hippogriff (D:8)
  A wyvern (D:8)
  An orc warrior (D:8)
  2 centaurs
  3 bullfrogs
  3 howler monkeys (D:7)
  A centaur zombie (D:7)
  An orc priest (D:8)
  A hound (D:4)
  An orc wizard (D:3)
  A bullfrog skeleton (D:8)
  2 centaur skeletons
  An iguana (D:8)
  4 worker ants (D:7)
  A hound skeleton (D:6)
  A gnoll (D:4)
  9 adders
  2 shadow imps
  An ooze (D:6)
  2 adder skeletons
  A worm (D:2)
  3 dart slugs
  4 leopard geckos
  22 orcs
  3 giant cockroaches
  9 goblins
  7 hobgoblins
  2 quokkas
  5 bats
  5 frilled lizards
  4 kobolds
  A quokka skeleton (D:4)
  9 rats
114 creatures vanquished.

Vanquished Creatures (collateral kills)
  6 orcs (D:8)
6 creatures vanquished.

Grand Total: 120 creatures vanquished

Notes
Turn   | Place    | Note
-------+----------+-------------------------------------------
     0 | D:1      | Illumine the Gnoll Necromancer began the quest for the Orb.
     0 | D:1      | Reached XP level 1. HP: 13/13 MP: 6/6
   349 | D:1      | Reached XP level 2. HP: 18/19 MP: 5/7
   371 | D:1      | Learned a level 1 spell: Animate Skeleton
  1076 | D:2      | Reached XP level 3. HP: 25/25 MP: 9/9
  1084 | D:2      | Reached skill level 5 in Spellcasting
  1420 | D:2      | Reached skill level 1 in Invocations
  1464 | D:2      | Reached skill level 1 in Fighting
  1464 | D:2      | Reached skill level 1 in Short Blades
  1464 | D:2      | Reached skill level 1 in Long Blades
  1464 | D:2      | Reached skill level 1 in Axes
  1464 | D:2      | Reached skill level 1 in Maces & Flails
  1464 | D:2      | Reached skill level 1 in Polearms
  1464 | D:2      | Reached skill level 1 in Staves
  1464 | D:2      | Reached skill level 1 in Slings
  1464 | D:2      | Reached skill level 1 in Bows
  1464 | D:2      | Reached skill level 1 in Crossbows
  1464 | D:2      | Reached skill level 1 in Throwing
  1464 | D:2      | Reached skill level 1 in Armour
  1464 | D:2      | Reached skill level 1 in Shields
  1464 | D:2      | Reached skill level 1 in Unarmed Combat
  1464 | D:2      | Reached skill level 1 in Evocations
  1464 | D:2      | Reached XP level 4. HP: 4/32 MP: 11/11
  2091 | D:3      | Found a sacrificial altar of Ru.
  2131 | D:3      | Reached skill level 1 in Conjurations
  2131 | D:3      | Reached skill level 1 in Hexes
  2131 | D:3      | Reached skill level 1 in Charms
  2131 | D:3      | Reached skill level 1 in Summonings
  2131 | D:3      | Reached skill level 1 in Translocations
  2131 | D:3      | Reached skill level 1 in Transmutations
  2131 | D:3      | Reached skill level 1 in Fire Magic
  2131 | D:3      | Reached skill level 1 in Ice Magic
  2131 | D:3      | Reached skill level 1 in Air Magic
  2131 | D:3      | Reached skill level 1 in Earth Magic
  2131 | D:3      | Reached skill level 1 in Poison Magic
  2254 | D:3      | Reached XP level 5. HP: 36/37 MP: 12/12
  2296 | D:3      | Found a stormy altar of Qazlal.
  2299 | D:3      | Noticed a water elemental
  2299 | D:3      | Noticed an air elemental
  2299 | D:3      | Noticed a fire elemental
  2784 | D:4      | Found Tapry's Distillery.
  2803 | D:4      | Found a snail-covered altar of Cheibriados.
  3106 | D:4      | Found the +8 orange crystal plate armour {Archmagi, Int+3
                  | Clar}
  3142 | D:4      | Found an iron altar of Okawaru.
  3143 | D:4      | Found a bloodstained altar of Trog.
  3457 | D:5      | Entered Level 5 of the Dungeon
  3489 | D:5      | Reached XP level 6. HP: 36/44 MP: 13/13
  3672 | D:5      | Learned a level 3 spell: Vampiric Draining
  3677 | D:5      | Learned a level 4 spell: Animate Dead
  3681 | D:5      | Learned a level 3 spell: Regeneration
  4285 | D:5      | Reached skill level 5 in Dodging
  4978 | D:7      | Reached XP level 7. HP: 23/50 MP: 14/15
  5096 | D:7      | Reached skill level 5 in Stealth
  5474 | D:7      | Found Iwethra's Armour Shoppe.
  5536 | D:7      | Found a staircase to the Ecumenical Temple.
  5554 | Temple   | Entered the Ecumenical Temple
  5610 | Temple   | Became a worshipper of Kikubaaqudgha
  5645 | D:7      | Found a white marble altar of Elyvilon.
  5992 | D:8      | Noticed a wyvern
  6000 | D:8      | Killed a wyvern
  6000 | D:8      | Reached XP level 8. HP: 41/57 MP: 12/16
  6235 | D:8      | Found a shimmering blue altar of Sif Muna.
  6346 | D:8      | Noticed a hippogriff
  6359 | D:8      | Killed a hippogriff
  6686 | D:8      | Mangled by an orc warrior

Levels and vault maps discovered:
D:1:      nzn_arrival_depleted_hourglass, layout_basic
D:2:      layout_basic
D:3:      layout_basic, nicolae_ru_sacrificial_ziggurat,
          nicolae_qazlal_style_of_elements
D:4:      layout_rooms, grunt_temple_overflow_bloody_war, cheibriados_altar_1,
          serial_shops, shop, first_ration, kennysheep_diamond
D:5:      layout_gridville, minmay_misc_feat_secret_circle,
          kennysheep_another_room, chequers_decorated_corner, kennysheep_boxes
D:6:      minmay_bubble_buster, layout_cave_pools,
          hangedman_abyss_or_decor_passed, guppyfry_early_elven_hall
D:7:      layout_loops_ring, elyvilon_altar_5,
          minmay_temple_entry_statues_pillars, serial_shops, shop
D:8:      layout_basic, lemuel_round_altar, kennysheep_mini_moat, special_room
          [special_room_orc]
Temple:   dshaligram_water_room_temple

Skill      XL: |  1  2  3  4  5  6  7  8 |
---------------+-------------------------+-----
Spellcasting   | 5 6 |  6.1
Invocations    | 1 2 3 |  3.8
Fighting       | 1 2 3 |  3.5
Short Blades   | 1 2 3 |  3.5
Long Blades    | 1 2 3 |  3.5
Axes           | 1 2 3 |  3.5
Maces & Flails | 1 2 3 |  3.5
Polearms       | 1 2 3 |  3.5
Staves         | 1 2 3 |  3.5
Slings         | 1 2 3 |  3.5
Bows           | 1 2 3 |  3.5
Crossbows      | 1 2 3 |  3.5
Throwing       | 1 2 3 |  3.5
Armour         | 1 2 3 |  3.5
Shields        | 1 2 3 |  3.5
Unarmed Combat | 1 2 3 |  3.5
Evocations     | 1 2 3 |  3.5
Conjurations   | 1 2 |  2.8
Hexes          | 1 2 |  2.8
Charms         | 1 2 |  2.8
Summonings     | 1 2 |  2.8
Translocations | 1 2 |  2.8
Transmutations | 1 2 |  2.8
Fire Magic     | 1 2 |  2.8
Ice Magic      | 1 2 |  2.8
Air Magic      | 1 2 |  2.8
Earth Magic    | 1 2 |  2.8
Poison Magic   | 1 2 |  2.8
Dodging        | 5 |  5.8
Stealth        | 5 |  5.5
Necromancy     | |  7.7

Action                   |  1- 3 |  4- 6 |  7- 9 || total
-------------------------+-------+-------+-------++-------
Melee: Short sword       |    10 |    11 |       ||    21
       Flail             |       |    18 |    63 ||    81
       Bite              |       |     3 |     5 ||     8
       Staff             |       |       |     1 ||     1
       Punch             |       |       |     1 ||     1
 Cast: Pain              |    49 |    93 |    48 ||   190
       Vampiric Draining |       |     2 |    21 ||    23
       Regeneration      |       |     1 |     5 ||     6
       Animate Dead      |       |       |     3 ||     3
  Use: Scroll            |       |     8 |       ||     8
 Stab: Distracted        |       |       |     1 ||     1
  Eat: Chunk             |     1 |     5 |     3 ||     9
       Ration            |       |     2 |     1 ||     3
Armor: Robe              |     2 |     9 |    24 ||    35
Dodge: Dodged            |    10 |    37 |    82 ||   129
